 Dungeon Crawl Stone Soup version 0.21.1-1-g345015f (webtiles) character file.

21300 poirepourri the Blocker (level 12, -3/106 HPs)
             Began as a Deep Dwarf Fighter on July 21, 2018.
             Was a Priest of Makhleb.
             Slain by a tarantella (10 damage)
             ... on level 1 of the Spider Nest.
             The game lasted 00:16:11 (7578 turns).

poirepourri the Blocker (Deep Dwarf Fighter)        Turns: 7578, Time: 00:16:11

Health: -3/106     AC: 18    Str: 21    XL:     12   Next: 53%
Magic:  0/0        EV: 12    Int: 14    God:    Makhleb [***...]
Gold:   496        SH:  0    Dex: 21    Spells: 11/11 levels left

rFire    . . .     SeeInvis .   a - +0 war axe
rCold    + . .     Gourm    +   c - +1 shield
rNeg     . . .     Faith    .   x - +0 plate armour {rC+}
rPois    .         Spirit   .   (no helmet)
rElec    .         Reflect  .   (no cloak)
rCorr    .         Harm     .   y - +1 pair of gloves
MR       +....                  (no boots)
Stlth    ..........             E - amulet of the gourmand
HPRegen  0.00/turn              D - +5 ring of protection
MPRegen  0.07/turn              j - ring "Ucwaps" {+Fly MP-9 Int+5 Dex+5}

@: confused, non-regenerating
A: damage resistance, heal wounds, sense surroundings 2, no regeneration
a: Heal Wounds, Minor Destruction, Lesser Servant of Makhleb, Renounce Religion,
Evoke Flight


You were on level 1 of the Spider Nest.
You worshipped Makhleb.
Makhleb was most pleased with you.
You were full.

You visited 4 branches of the dungeon, and saw 15 of its levels.
You also visited: Sewer.

You collected 496 gold pieces.

Inventory:

Hand Weapons
 a - a +0 war axe (weapon)
 b - a +0 blowgun
Missiles
 e - 121 bolts
 m - 7 javelins (quivered)
 w - 11 poisoned needles
 A - 7 tomahawks
 C - 53 sling bullets
Armour
 c - a +1 shield (worn)
 x - a +0 plate armour of cold resistance (worn)
 y - a +1 pair of gloves (worn)
Jewellery
 g - an uncursed ring of wizardry
 h - an uncursed ring of ice
 j - the ring "Ucwaps" (right hand) {+Fly MP-9 Int+5 Dex+5}
   (You took it off an orc on level 7 of the Dungeon)

   [ring of flight]

   It affects your intelligence (+5).
   It affects your dexterity (+5).
   It affects your magic capacity (-9).
   It lets you fly.
 D - a +5 ring of protection (left hand)
 E - an amulet of the gourmand (around neck)
 H - a +2 ring of intelligence {unknown}
Wands
 G - a wand of enslavement (7)
Scrolls
 l - a scroll of magic mapping
 n - 5 scrolls of remove curse
 r - 2 scrolls of blinking
 s - a scroll of fog
 u - 6 scrolls of teleportation
 v - 2 scrolls of amnesia
Potions
 d - a potion of magic {unknown}
 i - 3 potions of brilliance
 k - 2 potions of haste
 p - a potion of lignification
 z - 2 potions of mutation
 B - a potion of flight {unknown}
Books
 q - a book of Maledictions

   Spells                             Type                      Level
   a - Corona                         Hexes                        1
   b - Ensorcelled Hibernation        Hexes/Ice                    2
   c - Confuse                        Hexes                        3
   d - Tukima's Dance                 Hexes                        3
   e - Dazzling Spray                 Conjuration/Hexes            3
 F - a book of Air

   Spells                             Type                      Level
   a - Shock                          Conjuration/Air              1
   b - Swiftness                      Charms/Air                   2
   c - Static Discharge               Conjuration/Air              3
   d - Airstrike                      Air                          4
   e - Lightning Bolt                 Conjuration/Air              5
Comestibles
 f - 3 rations


   Skills:
 - Level 6.4 Fighting
 + Level 13.1 Axes
 - Level 3.2 Armour
 - Level 10.5 Dodging
 + Level 14.0 Shields


You had 11 spell levels left.
You didn't know any spells.

Dungeon Overview and Level Annotations

Branches:
Dungeon (9/15)             Temple (1/1) D:7            Lair (4/6) D:8
 Shoals (0/4) Lair:2       Spider (1/4) Lair:4
    Orc: D:9-12

Altars:
Ashenzari
Cheibriados
Dithmenos
Elyvilon
Gozag
Hepliaklqana
Kikubaaqudgha
Makhleb
Nemelex Xobeh
Okawaru
Qazlal
Ru
Sif Muna
Trog
Uskayaw
Wu Jian
Xom
Yredelemnul
Zin
The Shining One

Shops:
D:6 [


Innate Abilities, Weirdness & Mutations

You are resistant to damage.
You can heal yourself by infusing magical energy.
You passively map the area around you.
You do not regenerate.


Message History

The tarantella bites you but does no damage.
The tarantella bites you but does no damage. x2
You bump into the rock wall.
The tarantella bites you but does no damage.
You bump into the rock wall.
The tarantella bites you but does no damage.
The tarantella bites you.
* * * LOW HITPOINT WARNING * * *
You are more confused.
You're too confused to move!
The tarantella closely misses you.
You bump into the rock wall.
The tarantella bites you but does no damage. x2
You're too confused to move!
The tarantella bites you but does no damage.
The tarantella closely misses you.
You bump into the rock wall.
The tarantella bites you.
* * * LOW HITPOINT WARNING * * *
You bump into the rock wall.
The tarantella barely misses you. The tarantella bites you!
You die...

, , ,..............
#####.# * * *
..............##.....###
.........$.. #.........#
,* #..........
##.........# *
*#.........###...........
* *
#.....#.......†....... ,*
* #..#................ ,
** ,
*##.s................ * ,
*#..@#..............† ,
*#......###.............#
,
##....#**#..........^.##
##..# *#............##* *
,* *#.# #............## ,
* , #.. ,...#...#......#
, , * * #.*
.....#..###..#.. ,, .
......##. .####.., ,*
*......, .* * , ,


You could see a tarantella.

Vanquished Creatures
  Fannar (Lair:1)
  A two-headed ogre (D:8)
  3 death yaks (D:8)
  The ghost of Thomus the Cleaver, a novice MiBe of Trog (D:7)
  2 orb spiders
  2 wolf spiders (Spider:1)
  3 black mambas
  2 spiny frogs (Lair:3)
  A rime drake (Lair:3)
  3 komodo dragons
  Grinder (D:4)
  13 blink frogs
  The ghost of dscm the Skirmisher, an amateur OpFi (D:4)
  2 hippogriffs (Lair:3)
  A tarantella (Spider:1)
  A redback (Spider:1)
  25 yaks
  A steam dragon (D:7)
  A basilisk (Lair:3)
  Menkaure (D:5)
  2 water moccasins
  5 porcupines
  3 sky beasts
  A black bear (D:7)
  2 orc warriors
  4 ogres
  11 wolves (Lair:3)
  4 phantoms
  2 centaurs
  12 bullfrogs
  5 crocodiles
  5 scorpions
  12 killer bees
  3 crimson imps
  A bullfrog zombie (D:6)
  A bullfrog skeleton (D:8)
  2 hounds
  2 jellies
  4 orc priests
  9 orc wizards
  6 worker ants
  2 iguanas
  16 adders
  9 gnolls
  6 river rats (Sewer)
  A shadow imp (D:6)
  5 oozes
  3 adder zombies
  A worm (D:5)
  9 leopard geckos
  28 orcs
  11 ball pythons (Sewer)
  A giant cockroach (D:4)
  A goblin (D:2)
  2 hobgoblins (D:2)
  3 jackals (D:6)
  2 quokkas
  4 bats
  6 frilled lizards
  A jackal zombie (D:5)
  2 kobolds
  A leopard gecko skeleton (D:5)
  A quokka zombie (D:4)
  23 rats
  2 plants (Lair:3)
302 creatures vanquished.

Vanquished Creatures (others)
  A fungus (Lair:1)
  5 plants
6 creatures vanquished.

Grand Total: 308 creatures vanquished

Notes
Turn   | Place    | Note
-------+----------+-------------------------------------------
     0 | D:1      | poirepourri the Deep Dwarf Fighter began the quest for the Orb.
     0 | D:1      | Reached XP level 1. HP: 20/20 MP: 1/1
   375 | D:2      | Reached XP level 2. HP: 25/27 MP: 2/2
   545 | D:3      | Found a sparkling altar of Nemelex Xobeh.
   581 | D:3      | Reached XP level 3. HP: 26/33 MP: 3/3
   839 | D:3      | Found a faded altar of an unknown god.
   998 | D:3      | Found a stormy altar of Qazlal.
  1185 | D:3      | You fall through a shaft!
  1229 | D:4      | Reached XP level 4. HP: 22/40 MP: 4/4
  1234 | D:4      | Reached skill level 5 in Axes
  1258 | D:4      | Noticed Grinder
  1263 | D:4      | Noticed a phantom
  1266 | D:4      | Killed Grinder
  1266 | D:4      | Reached XP level 5. HP: 18/46 MP: 5/5
  1266 | D:4      | Reached XP level 6. HP: 22/55 MP: 6/6
  1365 | D:4      | Found a sacrificial altar of Ru.
  1499 | D:4      | Noticed dscm's ghost (amateur OpFi)
  1518 | D:4      | Killed dscm's ghost
  1518 | D:4      | Reached XP level 7. HP: 32/61 MP: 7/7
  1685 | D:5      | Entered Level 5 of the Dungeon
  1746 | D:5      | Found a glowing drain.
  1784 | Sewer    | Entered a sewer
  2123 | Sewer    | Reached XP level 8. HP: 35/73 MP: 8/8
  2198 | D:5      | Reached skill level 5 in Fighting
  2307 | D:5      | Found a snail-covered altar of Cheibriados.
  2313 | D:5      | Reached skill level 1 in Dodging
  2490 | D:5      | Noticed Menkaure
  2498 | D:5      | Killed Menkaure
  2504 | D:5      | Found an opulent altar of Gozag.
  2642 | D:6      | Found Joahunec's Antique Armour Shop.
  2762 | D:6      | Reached skill level 5 in Dodging
  3009 | D:6      | Found a hazy altar of Hepliaklqana.
  3019 | D:6      | Gained mutation: You passively map the area around you. [Deep Dwarf growth]
  3019 | D:6      | Reached XP level 9. HP: 22/85 MP: 9/9
  3152 | D:6      | Found a basalt altar of Yredelemnul.
  3159 | D:6      | Found a glowing silver altar of Zin.
  3161 | D:6      | Found a glowing golden altar of the Shining One.
  3162 | D:6      | Found a hide-covered altar of Uskayaw.
  3163 | D:6      | Found a shadowy altar of Dithmenos.
  3164 | D:6      | Found an iron altar of Okawaru.
  3166 | D:6      | Found a shimmering altar of Xom.
  3621 | D:6      | HP: 2/85 [orc warrior/hand axe (11)]
  3869 | D:7      | Noticed Thomus's ghost (novice MiBe)
  4110 | D:7      | Found a staircase to the Ecumenical Temple.
  4168 | D:7      | Killed Thomus's ghost
  4168 | D:7      | Reached skill level 10 in Dodging
  4206 | Temple   | Entered the Ecumenical Temple
  4246 | Temple   | Became a worshipper of Makhleb the Destroyer
  4379 | D:7      | Reached skill level 4 in Shields
  4401 | D:7      | Reached XP level 10. HP: 32/92 MP: 9/9
  4430 | D:7      | Reached skill level 5 in Shields
  4434 | D:7      | Got a crude lapis lazuli ring
  4759 | D:7      | Reached skill level 6 in Shields
  5047 | D:8      | Found a staircase to the Lair.
  5047 | D:8      | Noticed a death yak
  5048 | D:8      | Noticed a death yak
  5048 | D:8      | Noticed a death yak
  5067 | D:8      | Killed a death yak
  5067 | D:8      | Reached skill level 7 in Shields
  5079 | D:8      | Killed a death yak
  5079 | D:8      | Reached skill level 8 in Shields
  5087 | D:8      | Killed a death yak
  5087 | D:8      | Reached skill level 9 in Shields
  5100 | D:8      | Reached * piety under Makhleb
  5107 | D:8      | Reached skill level 10 in Shields
  5148 | D:8      | Reached XP level 11. HP: 51/99 MP: 6/6
  5169 | D:8      | Reached skill level 11 in Shields
  5292 | D:8      | Noticed a two-headed ogre
  5309 | D:8      | Killed a two-headed ogre
  5368 | D:8      | Identified the ring "Ucwaps" {+Fly MP-9 Int+5 Dex+5} (You took it off an orc on level 7 of the Dungeon)
  5568 | D:8      | Found a hazy altar of Hepliaklqana.
  5665 | Lair:1   | Entered Level 1 of the Lair of Beasts
  5712 | Lair:1   | Noticed Fannar
  5785 | Lair:1   | Killed Fannar
  5785 | Lair:1   | Reached skill level 12 in Shields
  5826 | Lair:1   | Reached ** piety under Makhleb
  5879 | Lair:1   | Noticed a five-headed hydra
  6142 | Lair:2   | Reached skill level 10 in Axes
  6158 | Lair:2   | HP: 2/99 [blink frog (5)]
  6285 | Lair:2   | Found a staircase to the Shoals.
  6561 | Lair:3   | Reached skill level 13 in Shields
  6681 | Lair:3   | Reached *** piety under Makhleb
  6681 | Lair:3   | Reached XP level 12. HP: 59/106 MP: 0/4
  7214 | Lair:3   | Noticed a six-headed hydra
  7415 | Lair:4   | Found a hole to the Spider Nest.
  7449 | Spider:1 | Entered Level 1 of the Spider Nest
  7541 | Spider:1 | Reached skill level 14 in Shields
  7578 | Spider:1 | Slain by a tarantella

Skill      XL: |  1  2  3  4  5  6  7  8  9 10 11 12 |
---------------+-------------------------------------+-----
Axes           | 3 4 7 8 9 11 13 | 13.1
Fighting       | 4 6 |  6.4
Dodging        | 5 10 | 10.5
Shields        | 4 10 13 14 | 14.0
Armour         | |  3.2

Action                   |  1- 3 |  4- 6 |  7- 9 | 10-12 || total
-------------------------+-------+-------+-------+-------++-------
Melee: War axe           |    94 |    61 |   452 |   758 ||  1365
 Fire: Blowgun           |       |       |     6 |       ||     6
Throw: Javelin           |       |       |     1 |    11 ||    12
 Abil: Heal Wounds       |       |       |    12 |    24 ||    36
  Use: Scroll            |     6 |     3 |     3 |    18 ||    30
       Potion            |       |     2 |    13 |     9 ||    24
  Eat: Ration            |     1 |       |     3 |     4 ||     8
       Chunk             |       |       |     2 |     1 ||     3
Armor: Scale mail        |    74 |    20 |   175 |    58 ||   327
       Plate armour      |       |       |       |   237 ||   237
Dodge: Dodged            |    38 |    20 |   247 |   413 ||   718
Block: Shield            |    56 |    22 |   292 |   589 ||   959
